 Dungeon Crawl Stone Soup version 0.16.0-16-g311141a (webtiles) character file.

148 achirane the Grave Robber (level 5, 0/31 HPs)
             Began as a High Elf Necromancer on Mar 19, 2015.
             Slain by a quokka (3 damage)
             ... on level 3 of the Dungeon.
             The game lasted 00:12:39 (2030 turns).

achirane the Grave Robber (High Elf Necromancer)    Turns: 2030, Time: 00:12:39

Health: 0/31       AC:  2    Str:  7    XL:     5   Next: 8%
Magic:  4/12       EV: 13    Int: 19    God:
Gold:   113        SH:  0    Dex: 16    Spells: 2 memorised, 4 levels left

rFire  . . .     SeeInvis .     d - +0 short sword
rCold  . . .     Clarity  .     a - +0 robe
rNeg   . . .     SustAb   .     (no shield)
rPois  .         Gourm    .     (no helmet)
rElec  .         Spirit   .     (no cloak)
rCorr  .         Warding  .     (no gloves)
rMut   .         Stasis   .     (no boots)
MR     .....                    (no amulet)
Stlth  ++........               (no ring)
                                (no ring)

@: not resistant to hostile enchantments, unstealthy
A: no striking features
a: no special abilities


You were on level 3 of the Dungeon.
You were not hungry.

You visited 1 branch of the dungeon, and saw 3 of its levels.

You collected 113 gold pieces.

Inventory:

Hand weapons
 d - a +0 short sword (weapon)
 i - a +0 long sword
Missiles
 k - 31 stones (quivered)
Armour
 a - a +0 robe (worn)
 r - a +2 helmet
 s - a +2 helmet
Scrolls
 e - a scroll of random uselessness {unknown}
 h - a scroll of immolation {unknown}
 j - a scroll of recharging {unknown}
 n - a scroll of teleportation {unknown}
 o - 3 scrolls of identify {unknown}
 q - 2 scrolls of remove curse {unknown}
Potions
 l - 2 potions of lignification {unknown}
 m - a potion of might {unknown}
Books
 b - a book of Necromancy

   Spells                             Type                      Level
   a - Pain                           Necromancy                   1
   b - Animate Skeleton               Necromancy                   1
   c - Vampiric Draining              Necromancy                   3
   d - Regeneration                   Charms/Necromancy            3
   e - Animate Dead                   Necromancy                   4
   f - Control Undead                 Necromancy                   4
Comestibles
 c - 5 bread rations
 f - 2 meat rations
 g - 2 slices of pizza
 p - 2 chunks of flesh


   Skills:
 - Level 2.1 Dodging
 - Level 2.1 Stealth
 - Level 2.4 Spellcasting
 + Level 5.3 Necromancy


You had 4 spell levels left.
You knew the following spells:

 Your Spells              Type           Power        Failure   Level  Hunger
a - Pain                  Necr           ###.         1%          1    #......
b - Regeneration          Chrm/Necr      ##........   17%         3    ###....


Dungeon Overview and Level Annotations

Branches:
Dungeon (3/15)

Altars:


Message History

Confirm with . or Enter, or press ? or * to list all spells.
Aiming: Pain
Press: ? - help, Shift-Dir - straight line, f/p - orc wizard
Aim: an orc wizard, wielding a dagger and wearing a robe (fast, chance 81%)
The orc wizard convulses in agony!
The orc wizard gestures wildly while chanting.
The orc wizard blinks!
Casting: Pain
Confirm with . or Enter, or press ? or * to list all spells.
Aiming: Pain
Press: ? - help, Shift-Dir - straight line, f - you
Okay, then.
Unknown command.
A kobold comes into view.
A quokka comes into view.
You hit the kobold but do no damage. The kobold barely misses you.
You miss the kobold.
The orc wizard mumbles some strange words.
The orc wizard blinks!
The quokka bites you.
You die...

#####...#####
##.##...........##
.................. .
...##..)........# ..
#####...##### #. #...#
##..#### #...# #....r.#
#...# #@# ##.## . #K#
#)# #.. #.# ###.#######
......#.###..........!
.........ยง.)..o....#.#
.####..####....#....#
..... #.##.#.##.#
##?#.. #.# .# # ......
... ..


You could see a quokka and a kobold.

Vanquished Creatures
  2 orc wizards (D:3)
  Robin (D:2)
  3 adders
  A giant gecko (D:2)
  2 orcs (D:3)
  2 giant cockroaches (D:2)
  16 goblins
  7 hobgoblins
  2 jackals (D:2)
  8 kobolds
  2 quokkas (D:2)
  5 bats
  5 giant newts
  5 rats
61 creatures vanquished.

Notes
Turn   | Place    | Note
--------------------------------------------------------------
     0 | D:1      | achirane, the High Elf Necromancer, began the quest for the Orb.
     0 | D:1      | Reached XP level 1. HP: 11/11 MP: 4/4
   479 | D:1      | Reached XP level 2. HP: 17/17 MP: 6/6
  1036 | D:2      | Reached skill level 4 in Necromancy
  1312 | D:2      | Reached XP level 3. HP: 16/21 MP: 6/8
  1318 | D:2      | Learned a level 3 spell: Regeneration
  1699 | D:2      | Noticed Robin
  1721 | D:2      | Killed Robin
  1721 | D:2      | Reached XP level 4. HP: 15/27 MP: 2/11
  2009 | D:3      | Reached skill level 5 in Necromancy
  2020 | D:3      | Reached XP level 5. HP: 5/31 MP: 4/12
  2030 | D:3      | Slain by a quokka

Action                   |  1- 3 |  4- 6 || total
-------------------------+-------+-------++-------
Melee: Short sword       |    23 |    21 ||    44
Throw: Stone             |     6 |       ||     6
 Cast: Pain              |    54 |    19 ||    73
 Stab: Sleeping          |       |     1 ||     1
  Eat: Chunk             |     3 |     1 ||     4
